 Dungeon Crawl Stone Soup version 0.30-a0-170-g85af917532 (webtiles) character file.

Game seed: 14493413119937283688

597 qw the Chopper (level 7, -1/44 HPs)
             Began as a Gargoyle Fighter on Oct 1, 2022.
             Slain by Blork the orc
             ... wielding a +0 halberd
              (13 damage)
             ... on level 4 of the Dungeon.
             The game lasted 00:01:46 (4749 turns).

qw the Chopper (Gargoyle Fighter)                   Turns: 4749, Time: 00:01:47

Health: -1/44      AC:  0    Str: 22    XL:     7   Next: 40%
Magic:  7/7        EV: 18    Int:  8    God:
Gold:   79         SH:  0    Dex: 14    Spells: 6/6 levels left

rFire   . . .      SeeInvis .    (weapon currently unavailable)
rCold   . . .      Faith    .    (shield currently unavailable)
rNeg    + . .      Spirit   .    (body armour currently unavailable)
rPois   inf        Reflect  .    (helmet currently unavailable)
rElec   .          Harm     .    (cloak currently unavailable)
rCorr   .          Rampage  .    (gloves currently unavailable)
Will    .....                    (boots currently unavailable)
Stlth   +.........               (no amulet)
HPRegen 0.14/turn                (ring currently unavailable)
MPRegen 0.10/turn                (ring currently unavailable)

@: bat-form, flying, very quick
A: fast, flying, no casting, sickness immunity, AC +4, tiny, negative energy
resistance 1, (electricity resistance), torment resistance 1, petrification
resistance
a: no special abilities


You were on level 4 of the Dungeon.
You were a bat.
You visited 1 branch of the dungeon, and saw 4 of its levels.

You collected 222 gold pieces.
You spent 143 gold pieces at shops.


Innate Abilities, Weirdness & Mutations

You are a bat.
You are tiny and dextrous.
You move quickly.
You are flying.
Your equipment is almost entirely melded.
You are incapable of wielding weapons or throwing items.
You cannot cast spells.
You are immune to sickness and miasma.
((Your stone body is resilient. (AC +4)))
You are immune to poison.
You resist negative energy. (rN+)
((You are resistant to electric shocks. (rElec)))
You are resistant to unholy torment.
You are immune to petrification.


   Skills:
 - Level 4.8 Fighting
 + Level 6.4 Axes
 - Level 3.2 Armour
 - Level 1.3 Dodging
 - Level 3.2 Shields


You had 6 spell levels left.
You didn't know any spells.
Your spell library was empty.

Inventory:

Hand Weapons
 f - a +2 flail of protection
 Y - a +0 war axe (melded)
Armour
 b - a +0 scale mail (melded)
 c - a +0 buckler (melded)
 e - a +0 cloak (melded)
 r - a +0 pair of boots
Jewellery
 i - a ring of protection from cold
Wands
 o - a wand of digging (1)
Scrolls
 a - a scroll of identify
 l - 2 scrolls of fear {unknown}
 n - a scroll of poison {unknown}
 q - a scroll of enchant armour {unknown}
Potions
 d - a potion of might
 g - 2 potions of attraction
 h - a potion of haste
 j - a potion of curing
 k - a potion of resistance
 m - a potion of heal wounds {unknown}
 p - a potion of cancellation {unknown}

Dungeon Overview and Level Annotations

Branches:
Dungeon (4/15)
 Temple: D:4-7

Altars:
Ashenzari
Uskayaw

Shops:
D:4 *

Annotations:
D:4 2 runed translucent doors, Blork the orc; qw's ghost, amateur GrFi


Message History

Blork the orc barely misses you.
You hit Blork the orc but do no damage.
Blork the orc is lightly wounded.
You hit Blork the orc.
Blork the orc is lightly wounded.
Blork the orc points at you and mumbles some strange words.
The puff of flame misses you.
You hit Blork the orc.
Blork the orc is moderately wounded.
Blork the orc closely misses you.
You barely miss Blork the orc.
Blork the orc is moderately wounded.
Blork the orc closely misses you.
You hit Blork the orc.
Blork the orc is moderately wounded.
Blork the orc points at you and mumbles some strange words.
The magic dart hits you.
You hit Blork the orc but do no damage.
Blork the orc is moderately wounded.
Blork the orc points at you and mumbles some strange words.
The puff of flame hits you!
You barely miss Blork the orc.
Blork the orc is moderately wounded.
Blork the orc casts a spell.
Blork the orc seems to speed up.
You hit Blork the orc but do no damage.
Blork the orc is moderately wounded.
Blork the orc closely misses you.
You hit Blork the orc but do no damage.
Blork the orc is moderately wounded.
Blork the orc closely misses you.
You hit Blork the orc.
Blork the orc is moderately wounded.
Blork the orc barely misses you.
Blork the orc gestures at you while chanting.
The puff of frost misses you.
You completely miss Blork the orc.
Blork the orc is moderately wounded.
Blork the orc hits you with a +0 halberd!
You die... #~~~#...[............... #r~~####..#.######...... #~~~ ###.##.######...... #rFr

#..................
##+###..........##......
#...#....?..............
#......................
###...............%....
##..b........#....###
####o...............
#...############. ...#
## ...# ...# ####


You could see Blork the orc (fast) and a rat.

Vanquished Creatures
  Grinder (D:4)
  An ogre (D:4)
  A hound (D:4)
  A jelly (D:3)
  Ijyb (D:4)
  Natasha (thrice) (D:4)
  4 gnolls (D:2)
  3 adders
  An adder skeleton (D:2)
  An adder zombie (D:2)
  A worm (D:3)
  A dart slug (D:1)
  An orc (D:3)
  13 endoplasms
  4 giant cockroaches
  4 goblins
  7 hobgoblins
  4 jackals (D:2)
  7 quokkas
  9 ball pythons
  A ball python skeleton (D:2)
  12 bats
  3 frilled lizards
  A giant cockroach zombie (D:2)
  8 kobolds
  A quokka zombie (D:2)
  4 rats
98 creatures vanquished.

Vanquished Creatures (others)
  A withered plant (D:2)
1 creature vanquished.

Grand Total: 99 creatures vanquished

Notes
Turn   | Place    | Note
-------+----------+-------------------------------------------
     0 | D:1      | qw the Gargoyle Fighter began the quest for the Orb.
     0 | D:1      | Reached XP level 1. HP: 14/14 MP: 1/1
     0 | D:1      | 0 ||| qw: Version: 0.2-a-13-gfc7b4b4
     0 | D:1      | 0 ||| qw: Game counter: 1740
     0 | D:1      | 0 ||| qw: Always use a shield: true
     0 | D:1      | 0 ||| qw: God list: Okawaru
     0 | D:1      | 0 ||| qw: Allow faded altars: false
     0 | D:1      | 0 ||| qw: Do Orc after D:15 true
     0 | D:1      | 0 ||| qw: Do second Lair branch before Depths: true
     0 | D:1      | 0 ||| qw: Lair rune preference: random
     0 | D:1      | 0 ||| qw: Plans: Normal, Zot:1-4, God:TSO, Crypt, Tomb,
                  | Pan, Slime:5, Hells, Abyss, Orb
     0 | D:1      | 0 ||| PLANNING D:1-11
    75 | D:1      | 75 ||| Stepping ~*~*~tactically~*~*~ (stealth).
    83 | D:1      | Reached skill level 2 in Axes
   177 | D:1      | Found a faded altar of an unknown god.
   205 | D:1      | Reached XP level 2. HP: 15/19 MP: 2/2
   383 | D:1      | 383 ||| Stepping ~*~*~tactically~*~*~ (hiding).
   693 | D:1      | Reached skill level 3 in Axes
  1142 | D:1      | Reached XP level 3. HP: 22/23 MP: 3/3
  1274 | D:1      | 1274 ||| UPGRADING to +0 cloak.
  1279 | D:1      | 1279 ||| READING scroll labelled VIVEORRI PEJO.
  1280 | D:1      | 1280 ||| READING scroll labelled INEACS XOMMIX.
  1281 | D:1      | 1281 ||| READING scroll labelled PEUDGHYACO.
  1282 | D:1      | 1282 ||| DRINKING 2 murky golden potions.
  1283 | D:1      | 1283 ||| DROPPING potion of invisibility.
  1359 | D:2      | 1359 ||| Stepping ~*~*~tactically~*~*~ (stealth).
  1363 | D:2      | 1363 ||| Stepping ~*~*~tactically~*~*~ (stealth).
  1427 | D:2      | Reached XP level 4. HP: 17/28 MP: 4/4
  1550 | D:2      | 1550 ||| DROPPING +0 flail.
  1638 | D:2      | Reached skill level 4 in Axes
  1642 | D:2      | Identified the +5 mace "Naara" {distort, rC+}
  1836 | D:2      | 1836 ||| Stepping ~*~*~tactically~*~*~ (stealth).
  2267 | D:2      | 2267 ||| Stepping ~*~*~tactically~*~*~ (stealth).
  2271 | D:2      | 2271 ||| Stepping ~*~*~tactically~*~*~ (stealth).
  2640 | D:2      | 2640 ||| DROPPING ring of magical power.
  2641 | D:2      | 2641 ||| READING scroll labelled GOGYNW WONEJI.
  2642 | D:2      | 2642 ||| READING scroll labelled GOUCAI VOSHRAU.
  2698 | D:2      | 2698 ||| READING 2 scrolls labelled YMALUA GOCO.
  2699 | D:2      | 2699 ||| READING scroll labelled GYBYTO SECWUGAYSK.
  2700 | D:2      | 2700 ||| READING scroll labelled OTARYOWU MARCH.
  2703 | D:2      | 2703 ||| READING 3 scrolls of identify.
  2703 | D:2      | 2703 ||| IDENTIFYING coppery potion
  2704 | D:2      | 2704 ||| READING 2 scrolls of identify.
  2704 | D:2      | 2704 ||| IDENTIFYING bubbling red potion
  2705 | D:2      | 2705 ||| DROPPING potion of berserk rage.
  2706 | D:2      | 2706 ||| DROPPING scroll of magic mapping.
  2735 | D:3      | Reached XP level 5. HP: 28/32 MP: 5/5
  2948 | D:3      | 2948 ||| Stepping ~*~*~tactically~*~*~ (stealth).
  3029 | D:3      | Found a broken altar of Ashenzari.
  3030 | D:3      | Found a hide-covered altar of Uskayaw.
  3109 | D:3      | Reached skill level 5 in Axes
  3470 | D:3      | 3470 ||| READING 3 scrolls of identify.
  3470 | D:3      | 3470 ||| IDENTIFYING green potion
  3471 | D:3      | 3471 ||| READING 2 scrolls of identify.
  3471 | D:3      | 3471 ||| IDENTIFYING sedimented inky potion
  3472 | D:3      | 3472 ||| DROPPING potion of ambrosia.
  3534 | D:4      | 3534 ||| Stepping ~*~*~tactically~*~*~ (stealth).
  3535 | D:4      | 3535 ||| Stepping ~*~*~tactically~*~*~ (stealth).
  3536 | D:4      | 3536 ||| Stepping ~*~*~tactically~*~*~ (stealth).
  3614 | D:4      | Noticed an ogre
  3626 | D:4      | Killed an ogre
  3627 | D:4      | Reached XP level 6. HP: 18/40 MP: 6/6
  3628 | D:4      | 3628 ||| Stepping ~*~*~tactically~*~*~ (stealth).
  3774 | D:4      | 3774 ||| Stepping ~*~*~tactically~*~*~ (stealth).
  3775 | D:4      | 3775 ||| Stepping ~*~*~tactically~*~*~ (stealth).
  3822 | D:4      | Noticed Natasha
  3823 | D:4      | 3823 ||| Stepping ~*~*~tactically~*~*~ (stealth).
  3840 | D:4      | HP: 10/40 [Natasha (1)]
  3846 | D:4      | Killed Natasha
  3847 | D:4      | Reached skill level 1 in Dodging
  4092 | D:4      | Noticed Grinder
  4119 | D:4      | Killed Grinder
  4120 | D:4      | Reached skill level 6 in Axes
  4120 | D:4      | Reached XP level 7. HP: 32/44 MP: 7/7
  4127 | D:4      | 4127 ||| FLEEEEING.
  4128 | D:4      | 4128 ||| FLEEEEING.
  4129 | D:4      | 4129 ||| FLEEEEING.
  4130 | D:4      | 4130 ||| FLEEEEING.
  4131 | D:4      | 4131 ||| FLEEEEING.
  4132 | D:4      | 4132 ||| FLEEEEING.
  4133 | D:4      | 4133 ||| STAIRDANCE
  4201 | D:3      | 4201 ||| READING 3 scrolls of identify.
  4201 | D:3      | 4201 ||| IDENTIFYING fuming yellow potion
  4202 | D:3      | 4202 ||| READING 2 scrolls of identify.
  4202 | D:3      | 4202 ||| IDENTIFYING puce potion
  4203 | D:3      | 4203 ||| DROPPING potion of degeneration.
  4208 | D:4      | 4208 ||| STAIRDANCE
  4320 | D:4      | Noticed Ijyb
  4336 | D:4      | Killed Ijyb
  4395 | D:4      | Noticed Natasha
  4396 | D:4      | 4396 ||| Stepping ~*~*~tactically~*~*~ (stealth).
  4411 | D:4      | 4411 ||| Stepping ~*~*~tactically~*~*~ (stealth).
  4418 | D:4      | 4418 ||| Stepping ~*~*~tactically~*~*~ (stealth).
  4423 | D:4      | Killed Natasha
  4519 | D:4      | Found Magoid's Assorted Antiques.
  4530 | D:4      | 4530 ||| BUYING pair of boots (117 gold).
  4530 | D:4      | Bought a pair of boots for 117 gold pieces
  4530 | D:4      | 4530 ||| SHOPLISTING runed leather armour (130 gold, have
                  | 105).
  4530 | D:4      | 4530 ||| BUYING scroll labelled HUPTYK OHUA (26 gold).
  4530 | D:4      | Bought a scroll labelled HUPTYK OHUA for 26 gold pieces
  4530 | D:4      | 4530 ||| SHOPLISTING shiny scale mail (182 gold, have 79).
  4530 | D:4      | 4530 ||| SHOPLISTING wand of digging (6) (655 gold, have
                  | 79).
  4538 | D:4      | Noticed Natasha
  4539 | D:4      | 4539 ||| Stepping ~*~*~tactically~*~*~ (hiding).
  4548 | D:4      | Killed Natasha
  4705 | D:4      | Found a runed translucent door.
  4706 | D:4      | Noticed qw's ghost (amateur GrFi)
  4727 | D:4      | Found a runed translucent door.
  4727 | D:4      | Noticed Blork the orc
  4728 | D:4      | 4728 ||| Stepping ~*~*~tactically~*~*~ (hiding).
  4749 | D:4      | Slain by Blork the orc

Levels and vault maps discovered:
D:1:      minmay_arrival_wavy_path, layout_basic,
          shapermc_ecumenical_altar_totnotflames, kennysheep_flooded_box
D:2:      layout_loops_corners, serial_undead, serial_undead_f, serial_undead_a,
          serial_undead_e, serial_undead_d
D:3:      layout_rooms, nicolae_overflow_squiral
D:4:      layout_rooms, serial_shops, shop, ebering_ghost_sewer_f,
          nrook_loot_triangle, uniq_blork_the_orc, uniq_ijyb, uniq_grinder,
          uniq_natasha

Skill      XL: |  1  2  3  4  5  6 |
---------------+-------------------+-----
Axes           | 2 3 4 5 6 |  6.4
Fighting       | 4 |  4.8
Dodging        | 1 |  1.3
Armour         | |  3.2
Shields        | |  3.2

Action                   |  1- 3 |  4- 6 |  7- 9 || total
-------------------------+-------+-------+-------++-------
Melee: War axe           |    77 |   219 |    33 ||   329
       Unarmed           |       |       |    15 ||    15
  Use: Scroll            |     3 |     9 |     2 ||    14
       Potion            |     1 |       |       ||     1
Armor: Scale mail        |    32 |   110 |    13 ||   155
Dodge: Dodged            |    36 |    88 |    24 ||   148
Block: Buckler           |     8 |    27 |     9 ||    44

Table legend:
 A = Non-vault XP
 B = Vault XP
 C = Vault XP percentage of total XP
 D = Non-vault monster count
 E = Vault monster count
 F = Vault count percentage of total count
                 A         B        C        D         E       F
            +---------+---------+-------+---------+---------+-------
      Total |     498 |     355 |  41.6 |      90 |       8 |   8.2
            +---------+---------+-------+---------+---------+-------
        D:1 |      34 |       0 |   0.0 |      22 |       0 |   0.0
        D:2 |     103 |      13 |  11.2 |      32 |       5 |  13.5
        D:3 |      83 |       0 |   0.0 |      19 |       0 |   0.0
        D:4 |     278 |     342 |  55.2 |      17 |       3 |  15.0
            +---------+---------+-------+---------+---------+-------
